 Dungeon Crawl Stone Soup version 0.18.1-48-g4cf74bf (webtiles) character file.

11064 Gargoyl the Protected (level 11, 0/87 HPs)
             Began as a Demonspawn Abyssal Knight on July 28, 2016.
             Was a High Priest of Lugonu.
             Slain by a cyan ugly thing (16 damage)
             ... on level 11 of the Dungeon on July 29, 2016.
             The game lasted 00:33:37 (15861 turns).

Gargoyl the Protected (Demonspawn Abyssal Knight)  Turns: 15861, Time: 00:33:37

Health: 0/87       AC: 26    Str: 19    XL:     11   Next: 44%
Magic:  12/12      EV:  7    Int: 16    God:    Lugonu [*****.]
Gold:   236        SH:  3    Dex: 12    Spells: 0 memorised, 10 levels left

rFire  + . .     SeeInvis .     b - +2 war axe
rCold  + . .     Gourm    .     o - +1 plate armour
rNeg   . . .     Faith    .     (no shield)
rPois  .         Spirit   .     (helmet restricted)
rElec  .         Dismiss  .     q - +2 cloak
rCorr  .         Reflect  .     (no gloves)
SustAt .         Harm     .     r - +2 pair of boots
MR     +....                    m - amulet of rage
Stlth  ..........               u - +3 ring of strength
                                k - ring of protection from magic

@: somewhat resistant to hostile enchantments, extremely unstealthy
A: horns 1, talons 1, large bone plates 2, clever 1, cold resistance 1, fire
resistance 1, nightstalker 3, wild magic 1
a: Depart the Abyss, Bend Space, Banish, Corrupt, Enter the Abyss, Renounce
Religion, Evoke Berserk Rage


You were on level 11 of the Dungeon.
You worshipped Lugonu.
Lugonu was extremely pleased with you.
You were not hungry.

You visited 1 branch of the dungeon, and saw 11 of its levels.
You visited the Abyss 1 time.

You collected 575 gold pieces.
You spent 339 gold pieces at shops.

Inventory:

Hand Weapons
 b - a +2 war axe (weapon)
 t - a +0 spear
Missiles
 h - 5 javelins (quivered)
Armour
 o - a +1 plate armour (worn)
 q - a +2 cloak (worn)
 r - a +2 pair of boots (worn)
Jewellery
 k - a ring of protection from magic (left hand)
 m - an amulet of rage (around neck)
 u - a +3 ring of strength (right hand)
 S - the cursed ring "Sit Haup" {rElec rF- Int-2 Slay+2}
   (You found it on level 11 of the Dungeon)

   [ring of intelligence]

   It affects your intelligence (-2).
   It affects your accuracy and damage with ranged weapons and melee attacks
   (+2).
   It makes you vulnerable to fire.
   It insulates you from electricity.
   It has a curse placed upon it.
Wands
 d - a wand of teleportation (7/9)
 f - a wand of flame (19/48)
 l - a wand of digging (8/24)
 J - a wand of hasting (5/9)
 K - a wand of digging (9/24)
 M - a wand of confusion (33/48)
 N - a wand of polymorph (4/24)
 P - a wand of flame (25/48)
 U - a wand of lightning (6/15)
Scrolls
 e - 4 scrolls of identify
 j - a scroll of recharging
 s - 2 scrolls of amnesia
 v - a scroll of magic mapping
 w - a scroll of remove curse
 y - a scroll of silence
 D - 5 scrolls of teleportation
 G - 2 scrolls of fear
 T - a scroll of fog
Potions
 a - 3 potions of brilliance
 g - 2 potions of curing
 i - a potion of haste
 x - a potion of ambrosia {unknown}
 A - a potion of mutation {unknown}
 H - a potion of flight
 L - a potion of berserk rage {unknown}
Books
 z - a book of Fire

   Spells                             Type                      Level
   a - Ignite Poison                  Fire/Transmutation/Poison    3
   b - Fireball                       Conjuration/Fire             5
   c - Bolt of Fire                   Conjuration/Fire             6
   d - Delayed Fireball               Conjuration/Fire             7
   e - Ring of Flames                 Charms/Fire                  7
 B - a Young Poisoner's Handbook

   Spells                             Type                      Level
   a - Sting                          Conjuration/Poison           1
   b - Cure Poison                    Poison                       2
   c - Mephitic Cloud                 Conjuration/Poison/Air       3
   d - Olgreb's Toxic Radiance        Poison                       4
   e - Venom Bolt                     Conjuration/Poison           5
 I - a book of the Tempests

   Spells                             Type                      Level
   a - Static Discharge               Conjuration/Air              3
   b - Lightning Bolt                 Conjuration/Air              5
   c - Fireball                       Conjuration/Fire             5
   d - Tornado                        Air                          9
   e - Shatter                        Earth                        9
 O - a book of Envenomations

   Spells                             Type                      Level
   a - Spider Form                    Transmutation/Poison         3
   b - Olgreb's Toxic Radiance        Poison                       4
   c - Alistair's Intoxication        Transmutation/Poison         5
   d - Poisonous Cloud                Conjuration/Poison/Air       6
 V - a Grand Grimoire

   Spells                             Type                      Level
   a - Monstrous Menagerie            Summoning                    7
   b - Summon Greater Demon           Summoning                    7
   c - Malign Gateway                 Summoning/Translocation      7
   d - Summon Horrible Things         Summoning                    8
Miscellaneous
 C - a box of beasts
 F - an ornate deck of summoning
Comestibles
 c - 10 bread rations
 n - 9 slices of pizza
 p - 4 beef jerkies
 Q - a meat ration


   Skills:
 + Level 8.7 Fighting
 + Level 9.0 Axes
 + Level 0.5 Throwing
 * Level 11.7 Armour
 + Level 3.1 Dodging
 + Level 0.2 Stealth
 + Level 2.6 Invocations


You had 10 spell levels left.
You didn't know any spells.

Dungeon Overview and Level Annotations

Branches:
Dungeon (11/15)            Temple (0/1) D:7
   Lair: D:8-11         Orc: D:9-12

Altars:
Cheibriados
Dithmenos
Elyvilon
Fedhas
Gozag
Kikubaaqudgha
Nemelex Xobeh
Pakellas
Qazlal
Ru
Sif Muna
Trog
Xom
Yredelemnul
The Shining One

Shops:
D:5 *   D:6 =*   D:7 *   D:8 ([%(


Innate Abilities, Weirdness & Mutations

You have a pair of small horns on your head.
You are mostly covered in large bone plates (AC +3, SH +3).
Your flesh is heat resistant.
You are completely attuned to the shadows.
You have sharp toenails.
Your mind is acute. (Int +2)
Your flesh is cold resistant.
Your spells are a little harder to cast, but a little more powerful.


Message History

The cyan ugly thing is heavily wounded.
The cyan ugly thing barely misses you. The cyan ugly thing gores you.
The cyan ugly thing shocks you!
* * * LOW HITPOINT WARNING * * *
A porcupine comes into view.
You hit the cyan ugly thing.
You headbutt the cyan ugly thing, but do no damage.
The cyan ugly thing is heavily wounded.
The cyan ugly thing gores you but does no damage.
You hit the cyan ugly thing.
The cyan ugly thing is severely wounded.
The cyan ugly thing gores you.
* * * LOW HITPOINT WARNING * * *
The cyan ugly thing shocks you!
* * * LOW HITPOINT WARNING * * *
Drink which item? (? for menu, Esc to quit)
You feel better. The cyan ugly thing gores you.
* * * LOW HITPOINT WARNING * * *
The cyan ugly thing shocks you!
You die...

.......# ###..### #..#
#..# #..# #..# #..#
### .##..#
##.########## .....#
##.#...u@r....
###..####.###.########
.........## ##.#
###.#####.###.##
###.## ##.#..# .....#
##.#.# ###..# #.#.#
#..# #.#.#
#..######.#)#


You could see a cyan ugly thing and a porcupine.

Vanquished Creatures
  Harold (D:10)
  Erica (D:8)
  Pikel (D:4)
  An ugly thing (D:11)
  4 trolls
  Sigmund (D:5)
  A wraith (D:10)
  2 wyverns
  5 yaks (D:10)
  3 hippogriffs
  2 hungry ghosts
  Edmund (D:5)
  A porcupine (D:11)
  A water moccasin (D:9)
  2 phantoms
  A sky beast (D:10)
  A slave (D:4)
  An ice beast (D:9)
  4 orc warriors
  4 ogres
  3 centaurs
  A crocodile (D:11)
  12 big kobolds
  6 giant frogs
  A scorpion (D:7)
  12 killer bees
  17 wights
  11 crimson imps
  A centaur zombie (D:6)
  2 hounds (D:9)
  2 centaur skeletons
  A giant frog skeleton (D:5)
  6 jellies
  4 orc priests
  Crazy Yiuf (D:4)
  12 orc wizards
  4 iguanas
  7 worker ants
  A hound zombie (D:9)
  15 gnolls
  2 howler monkey skeletons
  8 adders
  4 shadow imps
  A white imp (Abyss:1)
  An adder zombie (D:6)
  An adder skeleton (D:5)
  2 worms (D:9)
  A dart slug (D:1)
  2 giant geckos
  44 orcs
  2 ball pythons
  11 bats
  4 giant cockroaches
  6 hobgoblins
  5 jackals
  4 quokkas
  A giant newt (D:1)
  3 goblins
  A jackal skeleton (D:9)
  24 kobolds
  A quokka skeleton (D:9)
  A quokka zombie (D:6)
  6 rats
  2 fungi (D:10)
294 creatures vanquished.

Vanquished Creatures (others)
  An orc priest (D:4)
  2 orc wizards (D:4)
  An adder (D:4)
  A worm (D:4)
  3 orcs (D:4)
  7 fungi (D:11)
  10 plants (D:11)
25 creatures vanquished.

Grand Total: 319 creatures vanquished

Notes
Turn   | Place    | Note
--------------------------------------------------------------
     0 | Abyss:1  | Gargoyl the Demonspawn Abyssal Knight began the quest for the Orb.
     0 | Abyss:1  | Reached XP level 1. HP: 18/18 MP: 2/2
    82 | Abyss:1  | Noticed a large abomination
   123 | Abyss:1  | Noticed a quasit
   150 | Abyss:1  | Noticed an orange demon
   150 | D:1      | Escaped the Abyss
   356 | D:1      | Gained mutation: You have a pair of small horns on your head. [demonic ancestry]
   356 | D:1      | Reached XP level 2. HP: 24/24 MP: 3/3
   430 | D:1      | Reached * piety under Lugonu
   569 | D:1      | Reached skill level 1 in Dodging
  1224 | D:1      | Gained mutation: You are slightly more attuned to the shadows. [demonic ancestry]
  1224 | D:1      | Reached XP level 3. HP: 28/29 MP: 4/4
  1534 | D:2      | Reached skill level 2 in Armour
  1772 | D:2      | Gained mutation: You are significantly more attuned to the shadows. [demonic ancestry]
  1772 | D:2      | Reached XP level 4. HP: 9/36 MP: 5/5
  2580 | D:3      | Found a sparkling altar of Nemelex Xobeh.
  2696 | D:3      | Found a shimmering altar of Xom.
  2947 | D:3      | Found an ancient bone altar of Kikubaaqudgha.
  3058 | D:3      | Reached skill level 3 in Armour
  3058 | D:3      | Reached XP level 5. HP: 26/42 MP: 6/6
  3672 | D:4      | Noticed a slave
  3713 | D:4      | Killed a slave
  3832 | D:4      | Noticed a slave
  3919 | D:4      | Noticed Pikel
  3919 | D:4      | Noticed a slave
  3921 | D:4      | Noticed a slave
  3991 | D:4      | Killed Pikel
  3991 | D:4      | Reached skill level 5 in Armour
  3991 | D:4      | Gained mutation: Your flesh is heat resistant. [demonic ancestry]
  3991 | D:4      | Reached XP level 6. HP: 7/49 MP: 7/7
  3991 | D:4      | Reached XP level 7. HP: 8/55 MP: 8/8
  4514 | D:4      | Reached skill level 5 in Fighting
  4536 | D:4      | Reached skill level 6 in Armour
  4881 | D:4      | Noticed Crazy Yiuf
  4987 | D:4      | Killed Crazy Yiuf
  5312 | D:5      | Entered Level 5 of the Dungeon
  5352 | D:5      | Reached XP level 8. HP: 60/62 MP: 9/9
  5426 | D:5      | Reached ** piety under Lugonu
  5436 | D:5      | Found Tychy's Assorted Antiques.
  5577 | D:5      | Noticed Edmund
  5602 | D:5      | Killed Edmund
  5608 | D:5      | Found a shimmering altar of Xom.
  5837 | D:5      | Found a deep blue altar of Sif Muna.
  5927 | D:5      | Noticed Sigmund
  5942 | D:5      | Killed Sigmund
  5942 | D:5      | Reached skill level 7 in Armour
  6240 | D:6      | Reached skill level 5 in Axes
  6341 | D:6      | Found Jenu's Jewellery Emporium.
  6444 | D:6      | Bought a +3 ring of strength for 204 gold pieces
  6969 | D:6      | Found a blossoming altar of Fedhas.
  7142 | D:6      | Gained mutation: You are partially covered in large bone plates (AC +2, SH +2). [demonic ancestry]
  7142 | D:6      | Reached XP level 9. HP: 44/69 MP: 10/10
  7303 | D:6      | Found Ates Vih's Off-Brand Ammunition.
  7440 | D:6      | Found a stormy altar of Qazlal.
  7456 | D:6      | Reached skill level 8 in Armour
  7915 | D:7      | Found Luzxuan's Assorted Antiques.
  7921 | D:7      | Bought a potion of heal wounds for 135 gold pieces
  8132 | D:7      | Reached *** piety under Lugonu
  8911 | D:7      | Found a staircase to the Ecumenical Temple.
  9507 | D:8      | Found Jokketom's Food Shoppe.
  9530 | D:8      | Reached skill level 9 in Armour
  9559 | D:8      | Found Seguiq's Antique Weapon Emporium.
  9719 | D:8      | Gained mutation: You are completely attuned to the shadows. [demonic ancestry]
  9719 | D:8      | Reached XP level 10. HP: 79/79 MP: 11/11
  9802 | D:8      | Found Mujagaj's Weapon Shoppe.
  9831 | D:8      | Found a shadowy altar of Dithmenos.
  9834 | D:8      | Found a glowing golden altar of the Shining One.
  9834 | D:8      | Found a sacrificial altar of Ru.
  9838 | D:8      | Found a basalt altar of Yredelemnul.
  9875 | D:8      | Reached **** piety under Lugonu
  9885 | D:8      | Found an opulent altar of Gozag.
  9917 | D:8      | Noticed Erica
  9937 | D:8      | Killed Erica
 10189 | D:8      | Found Muyr's Book Shop.
 10416 | D:8      | Found Ponnak's Antique Armour Emporium.
 10701 | D:9      | Reached skill level 10 in Armour
 10724 | D:9      | Noticed a moth of wrath
 10727 | D:9      | Found a bloodstained altar of Trog.
 10832 | D:9      | Found a snail-covered altar of Cheibriados.
 11886 | D:9      | Found a white marble altar of Elyvilon.
 12099 | D:9      | Found an oddly glowing altar of Pakellas.
 13054 | D:9      | Reached skill level 11 in Armour
 13285 | D:9      | Reached ***** piety under Lugonu
 13655 | D:9      | Gained mutation: You are mostly covered in large bone plates (AC +3, SH +3). [demonic ancestry]
 13655 | D:9      | Reached XP level 11. HP: 15/86 MP: 12/12
 13952 | D:10     | Entered Level 10 of the Dungeon
 14649 | D:10     | Noticed Harold
 14681 | D:10     | Killed Harold
 14994 | D:10     | Gained mutation: You have sharp toenails. [mutagenic meat]
 15391 | D:10     | Found an oddly glowing altar of Pakellas.
 15525 | D:11     | Got a slimy lead ring
 15528 | D:11     | Identified the cursed ring "Sit Haup" {rElec rF- Int-2 Slay+2} (You found it on level 11 of the Dungeon)
 15566 | D:11     | Noticed a red ugly thing
 15595 | D:11     | Killed a red ugly thing
 15599 | D:11     | Gained mutation: Your mind is acute. (Int +2) [mutagenic meat]
 15600 | D:11     | Gained mutation: Your flesh is cold resistant. [mutagenic meat]
 15601 | D:11     | Gained mutation: Your spells are a little harder to cast, but a little more powerful. [mutagenic meat]
 15845 | D:11     | Noticed a cyan ugly thing
 15861 | D:11     | Slain by a cyan ugly thing

Skill      XL: |  1  2  3  4  5  6  7  8  9 10 11 |
---------------+----------------------------------+-----
Axes           | 2 3 4 5 6 8 9 |  9.0
Dodging        | 1 2 3 |  3.1
Armour         | 2 3 5 6 7 9 11 | 11.7
Fighting       | 4 5 7 8 |  8.7
Throwing       | |  0.5
Stealth        | |  0.2
Invocations    | |  2.6

Action                   |  1- 3 |  4- 6 |  7- 9 | 10-12 || total
-------------------------+-------+-------+-------+-------++-------
Melee: Hand axe          |    97 |   203 |    15 |       ||   315
       Headbutt          |     8 |    28 |   108 |   125 ||   269
       War axe           |       |       |   560 |   630 ||  1190
Throw: Javelin           |       |     1 |     4 |     2 ||     7
Invok: Depart the Abyss  |     1 |       |       |       ||     1
  Use: Scroll            |     6 |     1 |     6 |    11 ||    24
       Potion            |     3 |     5 |     4 |     5 ||    17
  Eat: Chunk             |     3 |     6 |    22 |    13 ||    44
       Meat ration       |       |       |     1 |       ||     1
       Fruit             |       |       |       |     3 ||     3
       Bread ration      |       |       |       |     3 ||     3
       Royal jelly       |       |       |       |     1 ||     1
Armor: Leather armour    |    18 |       |       |       ||    18
       Ring mail         |    11 |       |       |       ||    11
       Plate armour      |    20 |   168 |   482 |   492 ||  1162
Dodge: Dodged            |    65 |    50 |   218 |   269 ||   602
Block: Other             |       |       |    21 |    83 ||   104
